 Dungeon Sprint DCSS version 0.29.1-1-gd02db6906a (webtiles) character file.

Game seed: 8707246869402642157

126 Hubris850 the Merchant of Misery (level 4, -2/30 HPs)
             Began as a Vampire Necromancer on Sept 15, 2022.
             Was a Believer of Kikubaaqudgha.
             Slain by Prince Ribbit (11 damage)
             ... in the Dungeon (Sprint VII: "The Pits").
             The game lasted 00:03:43 (211 turns).

Hubris850 the Merchant of Misery (VpNe)              Turns: 211, Time: 00:03:44

Health: -2/30      AC:  2    Str:  7    XL:     4   Next: 84%
Magic:  8/9        EV: 13    Int: 19    God:    Kikubaaqudgha [**....]
Gold:   0          SH:  0    Dex: 14    Spells: 2/10 levels left

rFire   . . .      SeeInvis +   h - +2 falchion
rCold   . . .      Faith    .   (no shield)
rNeg    . . .      Spirit   .   a - +0 robe
rPois   .          Reflect  .   (no helmet)
rElec   .          Harm     .   (no cloak)
rCorr   .          Rampage  .   (no gloves)
Will    .....      NoTele   +   (no boots)
Stlth   +++.......              (no amulet)
HPRegen 0.30/turn               (no ring)
MPRegen 0.11/turn               (no ring)

@: healing quickly
A: alive, fangs 3, see invisible, vampiric 2
a: Exsanguinate, Renounce Religion, Unearth Wretches


You were in the Dungeon.
You worshipped Kikubaaqudgha.
Kikubaaqudgha was pleased with you.
You visited 1 branch

Inventory:

Hand Weapons
 h - a +2 falchion (weapon)
Armour
 a - a +0 robe (worn)
 l - a +3 ring mail
Scrolls
 g - a scroll of blinking
 j - 5 scrolls of amnesia
 k - a scroll of summoning
Potions
 b - 5 potions of magic
 c - 6 potions of curing
 d - 6 potions of heal wounds
 e - a potion of haste
 f - 3 potions of berserk rage
 i - 2 potions of invisibility


   Skills:
 - Level 3.7 Dodging
 - Level 5.3 Stealth
 - Level 2.8 Unarmed Combat
 + Level 3.7 Spellcasting
 + Level 9.3 Necromancy


You had 2 spell levels left.
You knew the following spells:

 Your Spells              Type           Power      Damage    Failure   Level
a - Necrotise             Necr           100%       1d9       1%          1
b - Vampiric Draining     Necr           39%        2d8       1%          3
c - Animate Dead          Necr           39%        N/A       3%          4

Your spell library contained the following spells:

 Spells                   Type           Power      Damage    Failure   Level
 Agony                    Necr           39%        N/A       9%          5
 Anguish                  Hex/Necr       10%        N/A       21%         4


Dungeon Overview and Level Annotations

Branches:
Dungeon (1/1)

Altars:
Ashenzari
Cheibriados
Dithmenos
Fedhas
Gozag
Hepliaklqana
Kikubaaqudgha
Makhleb
Nemelex Xobeh
Okawaru
Qazlal
Ru
Sif Muna
Trog
Uskayaw
Vehumet
Wu Jian
Xom
Yredelemnul
Jiyva
Lugonu

Annotations:
D Prince Ribbit


Innate Abilities, Weirdness & Mutations

Your natural rate of healing is accelerated.
You have razor-sharp teeth.
You have supernaturally acute eyesight. (SInv)
You are afflicted with vampirism and can become a bat while bloodless.


Message History

You swap places.
You see here a +1 quarterstaff of protection.
There is an open door here.
You open the door.
Your ball python skeleton crumbles into dust!
There is an open door here.
There is an open door, spattered with blood here.
Your goblin skeleton crumbles into dust!
There is an open door here.
You open the door.
There is an open door here.
You start resting.
Magic restored.
You open the door.
An orc and 2 orc priests come into view.
The orc shouts!
You hear a loud, deep croak!
The orc priest shouts!
You hear a shout!
A giant cockroach comes into view.
Prince Ribbit comes into view.
You hear a shout!
You hear a shout! x4
The orc priest looks satisfied for a moment.
Casting: Necrotise (safe; 1% risk of failure)
Confirm with . or Enter, or press ? or * to list all spells.
Aiming: Necrotise (safe; 1% risk of failure)
Press: ? - help, Shift-Dir - straight line, f - orc
Aim: an orc, wielding a +0 mace and wearing a +0 scale mail (chance to affect: 93%)
The orc writhes in agony!
You kill the orc!
Kikubaaqudgha accepts your kill.
The dead are walking!
Prince Ribbit hits your orc skeleton.
You swap places.
Prince Ribbit hits you!
Things that are here:
a +0 mace; a +0 scale mail You hit Prince Ribbit.
Prince Ribbit is lightly wounded.
Prince Ribbit hits you!
* * * LOW HITPOINT WARNING * * *
Prince Ribbit hits you!
You die...
Kikubaaqudgha rasps: "You have failed me!
Welcome... death!"

#'#####'#####.....
#.#..#..#).##.....
#.#..'..').#####'#
#.##'####'###.....
#.#..).....##.....
#.#..†.....##.....
#.#####'#####...<.
#Z#...)))..##.....
#@#...)))[.##.....
#F###########.....


#Bo ###### #o.# #... ##.## .. .# You could see Prince Ribbit (ally target), 2
orc priests, a giant cockroach and a friendly orc skeleton.

Vanquished Creatures
  A floating eye (D)
  A gnoll (D)
  A river rat (D)
  An ufetubus (D)
  An orc (D)
  A ball python (D)
  A giant cockroach (D)
  A goblin (D)
  A quokka (D)
  A bat (D)
  A kobold (D)
11 creatures vanquished.

Notes
Turn   | Place    | Note
-------+----------+-------------------------------------------
     0 | D        | Hubris850 the Vampire Necromancer began the quest for the
                  | Orb.
     0 | D        | Reached XP level 1. HP: 13/13 MP: 3/3
     8 | D        | Noticed a floating eye
    14 | D        | Paralysed by a floating eye for 3 turns
    22 | D        | Paralysed by a floating eye for 4 turns
    29 | D        | Killed a floating eye
    30 | D        | Reached skill level 5 in Stealth
    30 | D        | Reached skill level 8 in Necromancy
    30 | D        | Reached XP level 2. HP: 19/19 MP: 4/6
    30 | D        | Gained mutation: You are afflicted with vampirism and can
                  | become a bat while bloodless. [Vampire growth]
    30 | D        | Reached XP level 3. HP: 24/24 MP: 4/7
    30 | D        | Reached XP level 4. HP: 30/30 MP: 4/8
    56 | D        | Found a basalt altar of Yredelemnul.
    56 | D        | Found a shimmering altar of Xom.
    56 | D        | Found an ornate altar of the Wu Jian Council.
    56 | D        | Found a bloodstained altar of Trog.
    56 | D        | Found a shimmering blue altar of Sif Muna.
    56 | D        | Found a sacrificial altar of Ru.
    56 | D        | Found a stormy altar of Qazlal.
    56 | D        | Found an iron altar of Okawaru.
    56 | D        | Found a sparkling altar of Nemelex Xobeh.
    56 | D        | Found a burning altar of Makhleb.
    56 | D        | Found a viscous altar of Jiyva.
    56 | D        | Found a hazy altar of Hepliaklqana.
    56 | D        | Found an opulent altar of Gozag.
    56 | D        | Found a blossoming altar of Fedhas.
    56 | D        | Found a shadowy altar of Dithmenos.
    56 | D        | Found a snail-covered altar of Cheibriados.
    57 | D        | Found a radiant altar of Vehumet.
    57 | D        | Found a corrupted altar of Lugonu.
    58 | D        | Found a hide-covered altar of Uskayaw.
    58 | D        | Found an ancient bone altar of Kikubaaqudgha.
    58 | D        | Found a broken altar of Ashenzari.
    66 | D        | Became a worshipper of Kikubaaqudgha
    71 | D        | Learned a level 3 spell: Vampiric Draining
    76 | D        | Learned a level 4 spell: Animate Dead
   104 | D        | Reached skill level 9 in Necromancy
   104 | D        | Reached * piety under Kikubaaqudgha
   104 | D        | Received a gift from Kikubaaqudgha
   132 | D        | Reached ** piety under Kikubaaqudgha
   207 | D        | Noticed Prince Ribbit
   211 | D        | Slain by Prince Ribbit

Illustrated notes

Levels and vault maps discovered:
D:        pitsprint [storerooms_1, entrance_room_1, metal_vault_6, armoury_2,
          mini_pit_1, grid_room_1, main_hall_1, silver_pit, the_coven_3,
          the_vestibule_1, steel_vault_1, golden_pit, hallway_of_sentries,
          crystal_vault_4, iron_vault_2, final_vault]

Skill      XL: |  1  2  3  4 |
---------------+-------------+-----
Dodging        | 3 |  3.7
Stealth        | 5 |  5.3
Unarmed Combat | 2 |  2.8
Spellcasting   | 3 |  3.7
Necromancy     | 8 9 |  9.3

Action                   |  1- 3 |  4- 6 || total
-------------------------+-------+-------++-------
Melee: Unarmed           |    14 |       ||    14
       Bite              |     1 |       ||     1
       Falchion          |       |     7 ||     7
 Cast: Necrotise         |       |    11 ||    11
 Stab: Sleeping          |     1 |     1 ||     2
Armor: Robe              |       |     3 ||     3
Dodge: Dodged            |       |     7 ||     7
